 Dungeon Crawl Stone Soup version 0.21.1-1-g345015f (webtiles) character file.

53 n0claF the Caller (level 3, -14/19 HPs)
             Began as a Deep Elf Summoner on June 14, 2018.
             Was an Initiate of Sif Muna.
             Demolished by a gnoll
             ... wielding a +0 halberd
              (15 damage)
             ... on level 3 of the Dungeon.
             The game lasted 00:10:57 (1956 turns).

n0claF the Caller (Deep Elf Summoner)               Turns: 1956, Time: 00:10:58

Health: -14/19     AC:  4    Str:  5    XL:     3   Next: 62%
Magic:  4/10       EV: 13    Int: 20    God:    Sif Muna [......]
Gold:   70         SH:  0    Dex: 15    Spells: 3/9 levels left

rFire    . . .     SeeInvis .   h - +0 short sword
rCold    . . .     Gourm    .   (no shield)
rNeg     . . .     Faith    .   a - +0 robe
rPois    .         Spirit   .   s - +0 helmet
rElec    .         Reflect  .   (no cloak)
rCorr    .         Harm     .   (no gloves)
MR       .....                  l - +0 pair of boots
Stlth    ++........             (no amulet)
HPRegen  0.06/turn              (no ring)
MPRegen  0.12/turn              (no ring)

@: no status effects
A: no striking features
a: Renounce Religion


You were on level 3 of the Dungeon.
You worshipped Sif Muna.
Sif Muna was noncommittal.
You were not hungry.

You visited 1 branch of the dungeon, and saw 3 of its levels.

You collected 70 gold pieces.

Inventory:

Hand Weapons
 h - a +0 short sword (weapon)
   (You took it off a kobold on level 1 of the Dungeon)
 k - a +2 dagger of flaming
   (You took it off a kobold on level 1 of the Dungeon)
Armour
 a - a +0 robe (worn)
 l - a +0 pair of boots (worn)
   (You found it on level 1 of the Dungeon)
 s - a +0 helmet (worn)
   (You found it on level 2 of the Dungeon)
 u - a +0 pair of gloves
   (You found it on level 2 of the Dungeon)
Jewellery
 q - a cursed ring of teleportation {unknown}
   (You found it on level 2 of the Dungeon)
Wands
 t - a wand of flame (25)
   (You found it on level 2 of the Dungeon)
Scrolls
 c - 3 scrolls of identify {unknown}
 d - 2 scrolls of magic mapping {unknown}
 f - 3 scrolls of random uselessness {unknown}
 g - a scroll of fog {unknown}
 i - a scroll of remove curse {unknown}
 j - a scroll of noise {unknown}
 n - a scroll of enchant weapon {unknown}
 o - 3 scrolls of teleportation {unknown}
Potions
 m - a potion of might {unknown}
 p - 2 potions of curing {unknown}
 r - a potion of lignification {unknown}
 w - a potion of heal wounds {unknown}
Books
 b - a book of Callings
Comestibles
 e - 5 rations {!d}
 v - 7 chunks of flesh


   Skills:
 + Level 3.2 Dodging
 + Level 3.4 Stealth
 + Level 3.7 Spellcasting
 + Level 4.7 Summonings


You had 3 spell levels left.
You knew the following spells:

 Your Spells              Type           Power        Failure   Level  Hunger
a - Summon Small Mammal   Summ           ###.         1%          1    None
b - Call Imp              Summ           ###.....     2%          2    ##.....
c - Call Canine Familiar  Summ           ###.....     5%          3    ###....


Dungeon Overview and Level Annotations

Branches:
Dungeon (3/15)

Altars:
Fedhas
Kikubaaqudgha
Sif Muna


Message History

Anything else - Cancel.
Okay, then.
Unknown command.
What are your orders? t - Shout!
Orders for allies: a - Attack new target. r - Retreat! s - Stop attacking. g - Guard the area. f - Follow me.
Anything else - Cancel.
Okay, then.
Unknown command.
Something hits your iron imp but does no damage.
The jackal bites your crimson imp. What are your orders? t - Shout!
Orders for allies: a - Attack new target. r - Retreat! s - Stop attacking. g - Guard the area. f - Follow me.
Anything else - Cancel.
Gang up on whom?
Aim: a jackal (heavily wounded) Attack!
The jackal misses your crimson imp. Something closely misses your iron imp.
Your crimson imp barely misses the jackal.
The jackal misses your crimson imp.
Your crimson imp blinks!
The jackal barely misses you. The gnoll closely misses you.
The jackal barely misses you.
The jackal bites you but does no damage.
You closely miss the jackal. The gnoll barely misses you.
The jackal barely misses you.
You hit the jackal. The jackal barely misses you. The gnoll closely misses you.
The jackal bites you but does no damage.
You hit the jackal but do no damage. The jackal misses you.
The gnoll misses you.
You closely miss the jackal.
Your crimson imp disappears in a puff of smoke!
The jackal bites you but does no damage.
The gnoll hits you with a halberd. The jackal bites you.
You hit the jackal. The jackal closely misses you.
The gnoll hits you with a halberd!
* * * LOW HITPOINT WARNING * * *
The jackal bites you but does no damage.
You hit the jackal but do no damage. The jackal bites you.
* * * LOW HITPOINT WARNING * * *
The gnoll misses you.
You swap places.
Something barely misses your hound.
The gnoll hits you from afar with a halberd!
Ouch! That really hurt!
You die...

###.### ### .........
######.###...#.# #
#....#.........#
#.#.##.#######รท#
#........5h..#.###+###
##...h5###g#'##....#
#.5)g.#.h5...#....#
.##.##.....#h#@........####
.......)..........<).......
.##.##h#(#####....#....####
.. ...#.# ######....#
.......#.# #....#
..)....#.# #....#
########.# #....# ..#
#....# ### ######


You could see a gnoll, a friendly hound and a friendly iron imp.

Vanquished Creatures
  A goblin (D:3)
  A kobold (D:2)
  A bat (D:1)
  4 frilled lizards
  A rat (D:2)
8 creatures vanquished.

Vanquished Creatures (collateral kills)
  2 gnolls (D:3)
  A worm (D:2)
  A dart slug (D:1)
  4 leopard geckos
  3 bats
  4 giant cockroaches
  7 goblins
  2 hobgoblins
  7 jackals
  2 frilled lizards
  6 kobolds
  7 rats
46 creatures vanquished.

Grand Total: 54 creatures vanquished

Notes
Turn   | Place    | Note
-------+----------+-------------------------------------------
     0 | D:1      | n0claF the Deep Elf Summoner began the quest for the Orb.
     0 | D:1      | Reached XP level 1. HP: 10/10 MP: 6/6
   262 | D:1      | Reached XP level 2. HP: 15/15 MP: 0/8
   445 | D:1      | Learned a level 2 spell: Call Imp
  1316 | D:2      | Found a deep blue altar of Sif Muna.
  1320 | D:2      | Became a worshipper of Sif Muna the Loreminder
  1412 | D:2      | Reached XP level 3. HP: 19/19 MP: 8/10
  1781 | D:2      | Found an ancient bone altar of Kikubaaqudgha.
  1782 | D:2      | Found a blossoming altar of Fedhas.
  1901 | D:3      | Learned a level 3 spell: Call Canine Familiar
  1956 | D:3      | Demolished by a gnoll

Skill      XL: |  1  2 |
---------------+-------+-----
Stealth        | 3 |  3.4
Dodging        | 3 |  3.2
Spellcasting   | |  3.7
Summonings     | |  4.7

Action                   || total
-------------------------++-------
Melee: Short sword       ||    45
       Unarmed           ||     2
 Cast: Summon Small Mamm ||    25
       Call Imp          ||    34
       Call Canine Famil ||     1
 Stab: Sleeping          ||     1
  Eat: Chunk             ||     4
Armor: Robe              ||    18
Dodge: Dodged            ||    59
